 Seeded DCSS version 0.28.0-53-g5a82cb258f (webtiles) character file.

Game seed: 1903845 (custom seed)

158 xaos the Ducker (level 5, -3/30 HPs)
             Began as a Kobold Arcane Marksman on June 19, 2022.
             Was a Believer of Trog.
             Splashed by a jelly's acid (4 damage)
             ... on level 2 of the Dungeon on June 22, 2022.
             The game lasted 00:13:36 (3098 turns).

xaos the Ducker (Kobold Arcane Marksman)            Turns: 3098, Time: 00:13:38

Health: -3/30      AC: -1    Str:  9    XL:     5   Next: 66%
Magic:  6/6        EV: 11    Int: 15    God:    Trog [**....]
Gold:   49         SH:  0    Dex: 15    Spells: 5/6 levels left

rFire   + . .      SeeInvis .   o - +2 dagger (speed)
rCold   + . .      Faith    .   (no shield)
rNeg    . . .      Spirit   .   l - +0 scale mail
rPois   .          Reflect  .   (no helmet)
rElec   .          Harm     .   g - scarf {rC+ rF+}
rCorr   +          Rampage  .   (no gloves)
Will    .....                   (no boots)
Stlth   ++........              (no amulet)
HPRegen 0.10/turn               q - ring of resist corrosion
MPRegen 0.10/turn               (no ring)

@: corroded
A: small, no large weapons, nightstalker 3
a: Renounce Religion, Berserk, Trog's Hand


You were on level 2 of the Dungeon.
You worshipped Trog.
Trog was pleased with you.
You visited 1 branch of the dungeon, and saw 2 of its levels.

You collected 49 gold pieces.

Inventory:

Hand Weapons
 a - a +0 hand crossbow
 i - a +1 dagger of venom
 m - a +0 hunting sling
 o - a +2 dagger of speed (weapon)
Missiles
 c - 20 bolts
 r - 9 curare-tipped darts
 s - 5 poisoned darts (quivered)
Armour
 d - a +0 robe
 f - a +0 ring mail
 g - a scarf of resistance (worn)
 l - a +0 scale mail (worn)
Magical Staves
 h - a staff of fire
Jewellery
 q - a ring of resist corrosion (left hand)
Scrolls
 b - 2 scrolls of fog
 e - 2 scrolls of amnesia {unknown}
 k - 4 scrolls of identify
 p - a scroll of enchant weapon {unknown}
 u - a scroll of teleportation {unknown}
Potions
 n - a potion of degeneration {unknown}
 t - a potion of haste {unknown}


   Skills:
 + Level 1.9 Fighting
 + Level 3.2 Short Blades
 + Level 2.8 Crossbows
 + Level 1.2 Armour
 + Level 3.5 Dodging
 + Level 2.5 Stealth
 - Level 1.1 Spellcasting
 - Level 3.2 Hexes


You had 5 spell levels left.
You knew the following spells:

 Your Spells              Type           Power      Damage    Failure   Level
a - Slow                  Hex            40%        N/A       45%         1

Your spell library contained the following spells:

 Spells                   Type           Power      Damage    Failure   Level
 Inner Flame              Hex/Fire       5%         N/A       97%         3
 Portal Projectile        Hex/Tloc       10%        N/A       97%         3
 Frozen Ramparts          Ice            0%         1d2       99%         3
 Cause Fear               Hex            5%         N/A       99%         4
 Ice Form                 Ice/Tmut       0%         N/A       100%        4
 Summon Ice Beast         Ice/Summ       0%         N/A       100%        4


Dungeon Overview and Level Annotations

Branches:
Dungeon (2/15)

Altars:
Sif Muna
Trog


Innate Abilities, Weirdness & Mutations

You are small and have problems with some larger weapons.
You are completely attuned to the shadows.


Message History

You kill the endoplasm!
Trog accepts your kill. The jelly hits you but does no damage.
You hit the jelly.
Your hands burn!
The jelly is lightly wounded.
The jelly closely misses you.
You hit the jelly.
Your hands burn!
The jelly is moderately wounded.
You hit the jelly. The acid corrodes you!
Your hands burn!
The jelly is moderately wounded.
The jelly barely misses you.
You hit the jelly.
Your hands burn!
The jelly is heavily wounded.
The endoplasm quivers.
You hit the jelly but do no damage.
Your hands burn!
The jelly is heavily wounded.
The jelly hits you.
You are splashed with acid.
You resist.
You barely miss the jelly.
The jelly is heavily wounded.
The jelly hits you but does no damage.
You hit the jelly.
Your hands burn!
The jelly is heavily wounded.
You hit the jelly.
Your hands burn!
The jelly is severely wounded.
The jelly hits you. The acid corrodes you!
You are splashed with acid.
You resist.
* * * LOW HITPOINT WARNING * * *
You hit the jelly but do no damage.
Your hands burn!
* * * LOW HITPOINT WARNING * * *
The jelly is severely wounded.
Unknown command.
You feel better. The jelly hits you.
You are splashed with acid.
You resist.
* * * LOW HITPOINT WARNING * * *
You hit the jelly but do no damage.
Your hands burn!
* * * LOW HITPOINT WARNING * * *
The jelly is severely wounded.
The jelly hits you.
* * * LOW HITPOINT WARNING * * *
You are splashed with acid.
You resist.
You die...

...#...# ###### #.#
####)#############..JJ.
#.#
#)####......##'.P÷..
####.###
#).##.......#)#.J..÷
#......#
#..'........#.#PPPP.
##...).#
#..'........#J#J÷.÷J
#......#
##.'......#'#J#....
#......# #.##.....#.#J#
#..[...# #####....#.#@#
#..###.# #######.##
#..###.# #### ###
#....... #####..#
###########..###.)
#......#
#.................
#.####.#
#.###.#.###..####. #.#
#.#######.# #.#.###..#
#. #.# #.........#
#.#.##...# #. #.#
####.###### #.#.##..##
#.


You could see a jelly and 2 endoplasms.

Vanquished Creatures
  A necrophage (D:2)
  2 adders (D:2)
  A dart slug (D:2)
  6 ball pythons
  6 endoplasms
  A giant cockroach (D:1)
  5 goblins
  4 hobgoblins
  5 bats
  5 frilled lizards
  11 kobolds
  6 rats
53 creatures vanquished.

Vanquished Creatures (others)
  2 fungi (D:2)
  10 toadstools (D:2)
12 creatures vanquished.

Grand Total: 65 creatures vanquished

Notes
Turn   | Place    | Note
-------+----------+-------------------------------------------
     0 | D:1      | xaos the Kobold Arcane Marksman began the quest for the
                  | Orb.
     0 | D:1      | Reached XP level 1. HP: 12/12 MP: 2/2
   419 | D:1      | Reached XP level 2. HP: 16/16 MP: 3/3
   435 | D:1      | Found a faded altar of an unknown god.
   440 | D:1      | Prayed at the altar of an unknown god.
   440 | D:1      | Became a worshipper of Trog the Wrathful
   440 | D:1      | Reached * piety under Trog
  1010 | D:1      | Reached skill level 1 in Stealth
  1051 | D:1      | Reached XP level 3. HP: 16/20 MP: 4/4
  1611 | D:2      | Reached ** piety under Trog
  1693 | D:2      | Reached skill level 1 in Short Blades
  2097 | D:2      | Reached XP level 4. HP: 25/25 MP: 5/5
  2167 | D:2      | Noticed a necrophage
  2182 | D:2      | Killed a necrophage
  2183 | D:2      | Reached skill level 1 in Armour
  2183 | D:2      | Reached XP level 5. HP: 20/30 MP: 6/6
  2422 | D:2      | Found a shimmering blue altar of Sif Muna.
  3098 | D:2      | HP: 1/30 [jelly (3)]
  3098 | D:2      | Splashed by a jelly's acid

Illustrated notes

Levels and vault maps discovered:
D:1:      minmay_arrival_open_corners, layout_loops_cross,
          ebering_ecumenical_altar_sacrificial, minmay_tetromino_t2
D:2:      cheibrodos_fertilizer, layout_loops_ring, basic_altar, minmay_ruptured

Skill      XL: |  1  2  3  4 |
---------------+-------------+-----
Stealth        | 1 2 |  2.5
Dodging        | 3 |  3.5
Short Blades   | 1 3 |  3.2
Armour         | 1 |  1.2
Fighting       | |  1.9
Crossbows      | |  2.8
Spellcasting   | |  1.1
Hexes          | |  3.2

Action                   |  1- 3 |  4- 6 || total
-------------------------+-------+-------++-------
Melee: Dagger            |   115 |    74 ||   189
       Punch             |     2 |       ||     2
 Fire: Hand crossbow     |    12 |       ||    12
Invok: Berserk           |     1 |       ||     1
  Use: Scroll            |     2 |       ||     2
       Potion            |       |     2 ||     2
 Stab: Sleeping          |     7 |     3 ||    10
Armor: Ring mail         |     6 |       ||     6
       Scale mail        |    47 |    12 ||    59
Dodge: Dodged            |    61 |    26 ||    87
